 Dungeon Crawl Stone Soup version 0.29-a0-834-g1e95ca9f62 (webtiles) character file.

Game seed: 15198867046960701166

51 zeratav the Stinger (level 3, 0/21 HPs)
             Began as an Octopode Venom Mage on July 12, 2022.
             Slain by an adder (4 damage)
             ... on level 2 of the Dungeon.
             The game lasted 00:01:24 (1923 turns).

zeratav the Stinger (Octopode Venom Mage)           Turns: 1923, Time: 00:01:25

Health: 0/21       AC:  1    Str:  7    XL:     3   Next: 81%
Magic:  3/6        EV: 13    Int: 19    God:
Gold:   24         SH:  0    Dex: 12    Spells: 5/6 levels left

rFire   . . .      SeeInvis .   c - +0 dagger {short}
rCold   . . .      Faith    .   (no shield)
rNeg    . . .      Spirit   .   (helmet restricted)
rPois   .          Reflect  .   (no amulet)
rElec   .          Harm     .   (no ring)
rCorr   .          Rampage  .   (no ring)
Will    .....                   (no ring)
Stlth   ++++......              (no ring)
HPRegen 0.07/turn               (no ring)
MPRegen 0.10/turn               (no ring)
                                (no ring)
                                (no ring)

@: lethally poisoned (0 -> -3), studying Ranged Weapons
A: almost no armour, amphibious, 8 rings, camouflage 1, gelatinous body 1,
(nimble swimmer 1), tentacles
a: no special abilities


You were on level 2 of the Dungeon.
You visited 1 branch of the dungeon, and saw 2 of its levels.

You collected 24 gold pieces.


Innate Abilities, Weirdness & Mutations

You cannot wear most types of armour.
You are amphibious.
You can wear up to eight rings at the same time.
Your skin changes colour to match your surroundings (Stealth+).
Your rubbery body absorbs attacks. (AC +1, EV +1)
((You are camouflaged when in or above water. (Stealth+)))
You have tentacles for arms and can constrict up to eight enemies at once.


   Skills:
 - Level 2.0 Dodging
 + Level 4.4 Stealth
 - Level 2.0 Spellcasting
 - Level 1.0 Transmutations
 + Level 4.7 Poison Magic


You had 5 spell levels left.
You knew the following spells:

 Your Spells              Type           Power      Damage    Failure   Level
a - Sting                 Tmut/Pois      48%        1d5       5%          1

Your spell library contained the following spells:

 Spells                   Type           Power      Damage    Failure   Level
 Poisonous Vapours        Pois/Air       20%        N/A       10%         2
 Olgreb's Toxic Radiance  Pois           19%        N/A       24%         4
 Mephitic Cloud           Conj/Pois/Air  7%         N/A       26%         3

Inventory:

Hand Weapons
 c - a +0 dagger (weapon) {short}
   (You took it off a kobold on level 1 of the Dungeon)
Scrolls
 d - a scroll of brand weapon {unknown}
 e - 2 scrolls of poison {unknown}
 f - a scroll of summoning {unknown}
 g - a scroll of fear {unknown}
Potions
 a - a potion of magic
 b - a potion of degeneration {unknown}

Dungeon Overview and Level Annotations

Branches:
Dungeon (2/15) Zot: 10076

Altars:

..............##......#....
######........+<....#.#....
....##.......##....#.#....
....................#.#+#+#
..............#.#+#.#..
..............#.. ..#..
..........#+####. .##
#..!...........#
#.........@....#
#........S†....#
...(..........#
........#...##
.........$....
#...+###....... ... .......
.. <......


You could see an adder (very poisoned).


Message History

You hit the adder. Your grab misses the adder.
You feel sick. The adder barely misses you.
HP[-1]
You take 1 damage, and now have 17/21 hp.
You barely miss the adder. Your grab misses the adder.
You feel sick. The adder closely misses you.
You hit the adder but do no damage. You grab the adder.
You constrict the adder.
You feel sick. The adder closely misses you. x2
HP[-1]
You take 1 damage, and now have 16/21 hp.
You hit the adder.
You squeeze the adder, but do no damage.
You constrict the adder.
You feel sick. The adder closely misses you.
HP[-1]
You take 1 damage, and now have 15/21 hp.
You hit the adder. You constrict the adder.
You feel sick.
You are no longer poisoned.
The adder misses you.
HP[-1]
You take 1 damage, and now have 14/21 hp.
You hit the adder but do no damage. You constrict the adder.
You kill the adder!
No target in view!
No target in view!
No target in view!
No target in view!
No target in view!
Found a stone staircase leading down.
HP[+7]
Your hp is fully restored (21).
A giant cockroach comes into view.
A giant cockroach is nearby!
A quokka comes into view.
An adder comes into view.
Found a stone staircase leading up.
The helpless giant cockroach fails to defend itself.
You puncture the giant cockroach!
You kill the giant cockroach!
You hit the quokka but do no damage. Your grab misses the quokka.
The adder hisses angrily.
The quokka barely misses you.
You hit the quokka. Your grab misses the quokka.
You tentacle-slap the quokka, but do no damage.
The quokka bites you.
HP[-2]
You take 2 damage, and now have 19/21 hp.
You closely miss the quokka. You grab the quokka. You constrict the quokka.
The quokka closely misses you. The adder closely misses you.
The quokka bites you.
HP[-4]
You take 4 damage, and now have 15/21 hp.
You hit the quokka but do no damage. You constrict the quokka.
The adder bites you. The quokka barely misses you.
HP[-3]
You take 3 damage, and now have 12/21 hp.
You barely miss the quokka. You constrict the quokka.
You kill the quokka!
The adder barely misses you. The adder bites you.
* * * LOW HITPOINT WARNING * * *
HP[-2]
You take 2 damage, and now have 10/21 hp.
You are too injured to fight recklessly!
You are too injured to fight recklessly!
You are too injured to fight recklessly!
You are too injured to fight recklessly!
You are too injured to fight recklessly!
You are too injured to fight recklessly!
You are too injured to fight recklessly!
Casting: Sting (safe; 5% risk of failure)
Confirm with . or Enter, or press ? or * to list all spells.
Aiming: Sting (safe; 5% risk of failure)
Press: ? - help, Shift-Dir - straight line, f - adder
Aim: an adder (53% to hit)
The sting misses the adder.
The adder bites you.
* * * LOW HITPOINT WARNING * * *
You are poisoned.
The adder poisons you!
HP[-1] MP[-1]
You take 1 damage, and now have 9/21 hp.
You lost 1 mp, and now have 5/6 mp.
Casting: Sting (safe; 5% risk of failure)
Confirm with . or Enter, or press ? or * to list all spells.
Aiming: Sting (safe; 5% risk of failure)
Press: ? - help, Shift-Dir - straight line, f/p - adder
Aim: an adder (53% to hit)
The sting hits the adder.
The adder is poisoned.
You feel sick. The adder bites you.
* * * LOW HITPOINT WARNING * * *
HP[-4] MP[-1]
You take 4 damage, and now have 5/21 hp.
You lost 1 mp, and now have 4/6 mp.
Casting: Sting (safe; 5% risk of failure)
Confirm with . or Enter, or press ? or * to list all spells.
Aiming: Sting (safe; 5% risk of failure)
Press: ? - help, Shift-Dir - straight line, f/p - adder
Aim: an adder (heavily wounded, poisoned, 53% to hit)
The sting hits the adder.
The adder looks even sicker.
* * * LOW HITPOINT WARNING * * *
You feel sick. The adder bites you.
You die...

Skill      XL: |  1  2  3 |
---------------+----------+-----
Stealth        | 3 4 |  4.4
Poison Magic   | 4 |  4.7
Dodging        | |  2.0
Spellcasting   | |  2.0
Transmutations | |  1.0

Action                   || total
-------------------------++-------
Melee: Dagger            ||    66
       Constrict         ||    17
       Tentacles         ||    10
       Unarmed           ||     3
       Punch             ||     2
 Cast: Sting             ||    12
 Stab: Sleeping          ||    13
Armor: Skin              ||     3
Dodge: Dodged            ||    47

Levels and vault maps discovered:
D:1:      dpeg_arrival_oval, layout_basic, shapermc_ecumenical_altar_hornbeckon,
          dreamdust_mushroom_princess
D:2:      layout_basic, serial_curves, eino_curves_02, eino_curves_01,
          eino_curves_03, eino_curves_03

Notes
Turn   | Place    | Note
-------+----------+-------------------------------------------
     0 | D:1      | zeratav the Octopode Venom Mage began the quest for the
                  | Orb.
     0 | D:1      | Reached XP level 1. HP: 11/11 MP: 3/3
     0 | D:1      | magus.rc [v1.9.6]
   146 | D:1      | Reached skill level 3 in Stealth
   254 | D:1      | Reached skill level 4 in Poison Magic
   254 | D:1      | Reached XP level 2. HP: 8/17 MP: 3/5
  1111 | D:1      | Reached XP level 3. HP: 21/21 MP: 6/6
  1134 | D:1      | Reached skill level 4 in Stealth
  1544 | D:1      | Found a faded altar of an unknown god.
  1922 | D:2      | HP: 5/21 [adder (3)]
  1923 | D:2      | Slain by an adder

Vanquished Creatures
  An adder (D:2)
  4 ball pythons
  2 endoplasms (D:1)
  3 giant cockroaches
  4 goblins (D:1)
  5 hobgoblins
  2 jackals (D:1)
  2 quokkas
  4 bats
  A frilled lizard (D:1)
  5 kobolds
  4 rats (D:1)
37 creatures vanquished.

Table legend:
 A = Non-vault XP
 B = Vault XP
 C = Vault XP percentage of total XP
 D = Non-vault monster count
 E = Vault monster count
 F = Vault count percentage of total count
                 A         B        C        D         E       F
            +---------+---------+-------+---------+---------+-------
      Total |      73 |       0 |   0.0 |      37 |       0 |   0.0
            +---------+---------+-------+---------+---------+-------
        D:1 |      48 |       0 |   0.0 |      29 |       0 |   0.0
        D:2 |      25 |       0 |   0.0 |       8 |       0 |   0.0
            +---------+---------+-------+---------+---------+-------

Illustrated notes

Table legend:
 A = Kills in this place as a percentage of kills in entire the game.
 B = Kills by you in this place as a percentage of kills by you in the entire game.
 C = Kills by friends in this place as a percentage of kills by friends in the entire game.
 D = Other kills in this place as a percentage of other kills in the entire game.
 E = Experience gained in this place as a percentage of experience gained in the entire game.
 F = Experience gained in this place divided by the number of levels of this place that you have seen.
                   A       B       C       D       E      F
               +-------+-------+-------+-------+-------+----------------------
         Total | 100.0 | 100.0 |   N/A |   N/A | 100.0 |  36.5
       Dungeon | 100.0 | 100.0 |   N/A |   N/A | 100.0 |  36.5
               +-------+-------+-------+-------+-------+----------------------

Table legend: (Time is in decaauts)
 A = Elapsed time spent in this place.
 B = Non-inter-level travel time spent in this place.
 C = Inter-level travel time spent in this place.
 D = Time resting spent in this place.
 E = Time spent auto-exploring this place.
 F = Levels seen in this place.
 G = Mean time per level.
                   A        B        C        D        E       F      G
               +--------+--------+--------+--------+--------+-----+--------+
         Total |   1922 |   1906 |     16 |    447 |   1237 |   2 |  961.0 |
       Dungeon |   1922 |   1906 |     16 |    447 |   1237 |   2 |  961.0 |
               +--------+--------+--------+--------+--------+-----+--------+

Top non-repeatable levels by time:
     D:1: 1697 daAuts
     D:2: 224 daAuts
